 Dungeon Crawl Stone Soup version 0.21.1-1-g345015f (webtiles) character file.

652 suicidejoker the Sneak (level 7, -1/45 HPs)
             Began as an Octopode Transmuter on Mar 31, 2018.
             Was an Initiate of Cheibriados (penitent).
             Succumbed to an orc wizard's poison
             ... on level 6 of the Dungeon.
             The game lasted 00:19:08 (5168 turns).

suicidejoker the Sneak (Octopode Transmuter)        Turns: 5168, Time: 00:19:09

Health: -1/45      AC:  1    Str:  9    XL:     7   Next: 54%
Magic:  9/12       EV: 14    Int: 15    God:    Cheibriados [*]
Gold:   242        SH:  0    Dex: 15    Spells: 10/13 levels left

rFire    + . .     SeeInvis .   a - +1 dagger
rCold    . . .     Gourm    .   (no shield)
rNeg     + . .     Faith    .   (helmet restricted)
rPois    .         Spirit   .   o - amulet of regeneration
rElec    .         Reflect  .   m - ring of stealth
rCorr    .         Harm     .   q - ring of protection from fire
MR       .....                  h - ring of positive energy
Stlth    +++++.....             (no ring)
HPRegen  0.55/turn              (no ring)
MPRegen  0.13/turn              (no ring)
                                (no ring)
                                (no ring)

@: lethally poisoned (-1 -> -10), berserk cooldown, slowed, very slow
A: almost no armour, stealthy swim, amphibious, 8 rings, constrict 8, camouflage
1, blurry vision 1, gelatinous body 1, evolution 2
a: Renounce Religion


You were on level 6 of the Dungeon.
You worshipped Cheibriados.
Cheibriados was demanding penance.
You were not hungry.

You visited 2 branches of the dungeon, and saw 7 of its levels.

You collected 242 gold pieces.

Inventory:

Hand Weapons
 a - a +1 dagger (weapon)
 b - a +1 hunting sling
Missiles
 g - 73 stones (quivered)
 n - 58 arrows
 p - 47 bolts
 s - 2 tomahawks of returning
 x - 88 sling bullets
Jewellery
 f - an uncursed amulet of magic regeneration
 h - a ring of positive energy (on tentacle)
 m - a ring of stealth (left tentacle)
 o - an amulet of regeneration (around mantle)
 q - a ring of protection from fire (right tentacle)
Wands
 k - a wand of digging (14)
 v - a wand of disintegration (3)
Scrolls
 e - 3 scrolls of identify
 r - a scroll of remove curse
Potions
 d - a potion of mutation
 t - 2 potions of brilliance
 u - a potion of magic
Books
 i - a book of Changes

   Spells                             Type                      Level
   a - Beastly Appendage              Transmutation                1
   b - Sticks to Snakes               Transmutation                2
   c - Spider Form                    Transmutation/Poison         3
   d - Ice Form                       Ice/Transmutation            4
   e - Blade Hands                    Transmutation                5
Comestibles
 c - 17 rations


   Skills:
 + Level 2.3 Fighting
 + Level 1.3 Short Blades
 * Level 1.3(1.7) Slings
 - Level 1.5(1.8) Throwing
 + Level 2.9 Dodging
 * Level 4.5 Stealth
 + Level 3.8 Unarmed Combat
 * Level 3.5 Spellcasting
 * Level 3.9 Transmutations
 + Level 1.3 Evocations


You had 10 spell levels left.
You knew the following spells:

 Your Spells              Type           Power        Failure   Level  Hunger
a - Beastly Appendage     Tmut           ##....       3%          1    None
b - Sticks to Snakes      Tmut           ##......     5%          2    ##.....


Dungeon Overview and Level Annotations

Branches:
Dungeon (6/15)             Temple (1/1) D:5

Altars:
Ashenzari
Cheibriados
Nemelex Xobeh
Okawaru
Vehumet

Annotations:
D:4 Menkaure


Innate Abilities, Weirdness & Mutations

You cannot wear most types of armour.
You are very stealthy in the water. (Stealth+)
You are amphibious.
You can wear up to eight rings at the same time.
You can use your tentacles to constrict eight enemies at once.
Your skin changes colour to match your surroundings (Stealth+).
Your rubbery body absorbs attacks. (AC +1, EV +1)
Scrolls take you a little longer to read.
You rapidly evolve.


Message History

You feel very sick.
* * * LOW HITPOINT WARNING * * *
You feel sick.
There is a stone staircase leading down here.
You are too berserk!
You are too berserk!
You feel a strong urge to attack something.
* * * LOW HITPOINT WARNING * * *
You feel sick.
You climb downwards.
Your summoned allies are left behind.
* * * LOW HITPOINT WARNING * * *
You feel sick.
Found a hand axe.
There is a stone staircase leading up here.
You are too berserk!
You eat one of the 18 rations.
That ration really hit the spot!
You feel your anger nearly subside.
You are no longer berserk.
You are exhausted.
You feel yourself slow down.
You die...

#
#####.#########
.......@......#
#####.#.#####.#
.. #.# ... ...
### #.# #.# #.#
#)#


There were no monsters in sight!

Vanquished Creatures
  Duvessa (D:4)
  A scorpion (D:4)
  A howler monkey (D:5)
  A centaur skeleton (D:5)
  An orc priest (D:3)
  3 orc wizards
  2 worker ants (D:4)
  A hound zombie (D:5)
  4 gnolls (D:3)
  8 adders
  3 oozes
  A worm (D:3)
  3 dart slugs
  6 leopard geckos
  15 orcs
  4 giant cockroaches
  5 goblins
  12 hobgoblins
  6 jackals
  8 bats
  4 frilled lizards
  8 kobolds
  7 rats
105 creatures vanquished.

Vanquished Creatures (collateral kills)
  Dowan (D:4)
1 creature vanquished.

Grand Total: 106 creatures vanquished

Notes
Turn   | Place    | Note
-------+----------+-------------------------------------------
     0 | D:1      | suicidejoker the Octopode Transmuter began the quest for the Orb.
     0 | D:1      | Reached XP level 1. HP: 13/13 MP: 3/3
   313 | D:1      | Reached XP level 2. HP: 7/18 MP: 5/5
   319 | D:1      | Reached skill level 1 in Stealth
   977 | D:1      | Reached XP level 3. HP: 22/23 MP: 6/6
  1700 | D:2      | Reached XP level 4. HP: 14/28 MP: 7/7
  1976 | D:2      | Reached skill level 2 in Stealth
  2403 | D:3      | Reached skill level 1 in Throwing
  2545 | D:3      | Reached XP level 5. HP: 27/33 MP: 9/9
  2631 | D:3      | Reached skill level 3 in Stealth
  2810 | D:3      | Reached XP level 6. HP: 20/39 MP: 10/10
  3086 | D:3      | Gained mutation: Scrolls take you a little longer to read. [potion of mutation]
  3086 | D:3      | Gained mutation: You evolve. [potion of mutation]
  3086 | D:3      | Gained mutation: You rapidly evolve. [potion of mutation]
  3682 | D:4      | Noticed Dowan
  3688 | D:4      | Learned a level 2 spell: Sticks to Snakes
  3701 | D:4      | Noticed Duvessa
  3716 | D:4      | Killed Duvessa
  3716 | D:4      | Reached skill level 1 in Short Blades
  3716 | D:4      | Reached skill level 1 in Evocations
  3716 | D:4      | Reached XP level 7. HP: 24/45 MP: 3/11
  3722 | D:4      | Killed Dowan
  3722 | D:4      | Reached skill level 4 in Stealth
  3892 | D:4      | Found a radiant altar of Vehumet.
  4131 | D:4      | Noticed Menkaure
  4321 | D:4      | Reached skill level 1 in Slings
  4488 | D:5      | Entered Level 5 of the Dungeon
  4606 | D:5      | Found a staircase to the Ecumenical Temple.
  4611 | Temple   | Entered the Ecumenical Temple
  4634 | Temple   | Became a worshipper of Cheibriados the Contemplative
  5162 | D:5      | Was placed under penance by Cheibriados
  5166 | D:5      | HP: 2/67 [poisoned by an orc wizard]
  5168 | D:6      | Succumbed to an orc wizard's poison

Skill      XL: |  1  2  3  4  5  6  7 |
---------------+----------------------+-----
Stealth        | 1 2 3 4 |  4.5
Throwing       | 1 |  1.5
Transmutations | 3 |  3.9
Spellcasting   | 3 |  3.5
Fighting       | 2 |  2.3
Short Blades   | 1 |  1.3
Evocations     | 1 |  1.3
Slings         | 1 |  1.3
Dodging        | |  2.9
Unarmed Combat | |  3.8

Action                   |  1- 3 |  4- 6 |  7- 9 || total
-------------------------+-------+-------+-------++-------
Melee: Unarmed           |    55 |     2 |       ||    57
       Constrict         |    24 |    40 |     3 ||    67
       Tentacles         |    14 |    31 |     5 ||    50
       Dagger            |    26 |   155 |    22 ||   203
       Punch             |       |     5 |     1 ||     6
 Fire: Hunting sling     |       |    14 |    40 ||    54
 Cast: Sticks to Snakes  |       |     5 |     2 ||     7
Evoke: Wand              |       |    11 |     1 ||    12
  Use: Potion            |     1 |     7 |     2 ||    10
       Scroll            |       |    12 |     4 ||    16
 Stab: Sleeping          |     6 |     7 |       ||    13
       Distracted        |     1 |       |       ||     1
  Eat: Chunk             |     2 |     7 |     3 ||    12
       Ration            |       |       |     1 ||     1
Armor: Skin              |     4 |     8 |     5 ||    17
Dodge: Dodged            |    57 |    93 |    18 ||   168
